AoeStats
← a.l.a.n.t

Arena

504326504Analyzed
4v4 RM · 28d ago on Sep 4, 2026· 40m 44s· 8 players
Game mode
Random Map
Map size
Large (8 player)
Population
200
Speed
Normal
Resources
Standard
Victory
Conquest
Starting age
Dark Age
Ending age
Imperial Age
RankedLock teamsTeams togetherTeam positionsShared explorationLock speedFull tech treeHidden civsTurbo modeCheats
Victory
Defeat
1220
+16
🇬🇧 Mapuche · United Kingdom
1219
+16
🇺🇸 Bengalis · United States
1194
+17
🇫🇷 Teutons · France
1191
+17
🇦🇷 Khmer · Argentina
1268
-18
🇵🇪 Chinese · Peru
1234
-16
🇧🇩 Teutons · Bangladesh
1203
-16
🇫🇷 Huns · France
1192
-16
a.l.a.n.t
9:29 Feudal Age
13:27 Castle Age
11:54 Double-Bit Axe
13:36 Horse Collar
14:53 Bow Saw
19:35 Loom
20:03 Town Watch
22:00 Wheelbarrow
25:15 Forging
25:55 Fletching
29:32 Imperial Age
27:56 Bodkin Arrow
27:26 Elite Skirmisher
27:31 Champi Runner
27:56 Arson
28:19 Gold Mining
28:34 Heavy Plow
28:45 Padded Archer Armor
28:47 Malon
30:38 Iron Casting
30:10 Onager
30:59 Siege Engineers
31:56 Chemistry
30:39 Elite Bolas Rider
30:46 Pikeman
32:01 Leather Archer Armor
32:19 Conscription
34:52 Murder Holes
35:06 Halberdier
39:17 Champi Warrior
40:30 Scale Mail Armor
40:41 Elite Champi Warrior
American
11:16 Feudal Age
13:50 Wheelbarrow
16:33 Castle Age
14:29 Horse Collar
14:46 Double-Bit Axe
17:14 Heavy Plow
17:26 Bow Saw
21:59 Hand Cart
24:06 Gold Mining
25:31 Gold Shaft Mining
25:46 Stone Mining
29:36 Imperial Age
26:55 Loom
27:25 Scale Barding Armor
27:37 Forging
28:37 Chain Barding Armor
28:01 Treadmill Crane
28:43 Ballistics
31:00 Plate Barding Armor
31:01 Iron Casting
31:35 Two-Man Saw
31:08 Crop Rotation
30:47 Husbandry
30:58 Bloodlines
30:12 Elite Battle Elephant
32:44 Conscription
32:46 Siege Engineers
32:54 Fortified Wall
34:07 Blast Furnace
35:37 Paiks
35:17 Siege Elephant
35:58 Light Cavalry
38:21 Ballistics
39:03 Chemistry
Naru
10:21 Feudal Age
14:54 Castle Age
12:46 Double-Bit Axe
13:48 Horse Collar
19:10 Bow Saw
21:21 Heavy Plow
22:41 Wheelbarrow
23:04 Gold Mining
24:06 Hand Cart
24:22 Stone Mining
29:28 Imperial Age
27:16 Forging
27:12 Scale Barding Armor
28:09 Bloodlines
28:12 Loom
29:14 Stone Shaft Mining
30:16 Iron Casting
30:01 Chain Barding Armor
30:48 Crop Rotation
31:20 Two-Man Saw
30:28 Cavalier
32:11 Blast Furnace
32:50 Chemistry
32:44 Plate Barding Armor
32:37 Paladin
35:00 Scale Mail Armor
34:51 Fletching
36:11 Pikeman
36:52 Squires
39:18 Ballistics
Thorin Escudo de Roble
5:27 Loom
8:16 Feudal Age
23:26 Castle Age
21:37 Double-Bit Axe
24:44 Fletching
25:52 Padded Archer Armor
32:44 Imperial Age
31:10 Scale Mail Armor
35:08 Wheelbarrow
34:39 Horse Collar
35:10 Bow Saw
35:53 Coinage
Ch0wee
4:33 Loom
11:49 Feudal Age
16:05 Castle Age
14:26 Double-Bit Axe
17:34 Horse Collar
23:20 Wheelbarrow
24:01 Bow Saw
24:14 Heavy Plow
24:20 Gold Mining
26:25 Gold Shaft Mining
25:53 Stone Mining
28:55 Hand Cart
32:16 Imperial Age
30:07 Bloodlines
30:04 Scale Barding Armor
30:28 Marauders
30:21 Town Watch
31:15 Husbandry
31:41 Chain Barding Armor
31:48 Fletching
32:46 Forging
32:59 Bodkin Arrow
34:22 Plate Barding Armor
34:24 Iron Casting
34:03 Heavy Cavalry Archer
35:07 Bracer
37:31 Blast Furnace
37:11 Parthian Tactics
39:28 Ballistics
Gunslinger
6:18 Loom
9:05 Feudal Age
10:54 Fletching
17:48 Double-Bit Axe
25:10 Castle Age
24:54 Stone Mining
26:41 Bow Saw
26:37 Gold Mining
34:08 Pikeman
kalioglu
0:26 Loom
9:29 Feudal Age
10:27 Double-Bit Axe
15:34 Town Watch
18:06 Castle Age
16:49 Horse Collar
19:22 Bow Saw
22:01 Heavy Plow
26:00 Gold Mining
27:51 Gold Shaft Mining
30:35 Imperial Age
27:54 Crossbowman
28:40 Thumb Ring
29:17 Fletching
29:57 Bodkin Arrow
30:53 Wheelbarrow
30:15 Stone Mining
30:51 Ballistics
31:44 Stone Shaft Mining
31:16 Padded Archer Armor
31:17 Bracer
32:25 Chemistry
31:39 Fortified Wall
31:19 Arbalester
32:36 Hand Cart
32:23 Town Patrol
32:39 Leather Archer Armor
32:57 Conscription
33:02 Capped Ram
34:34 Masonry
34:21 Murder Holes
35:53 Siege Ram
38:12 Ring Archer Armor
38:16 Architecture
38:12 Great Wall
40:15 Two-Man Saw
jj
9:33 Feudal Age
10:21 Loom
13:08 Castle Age
12:19 Horse Collar
14:12 Double-Bit Axe
21:12 Wheelbarrow
22:12 Gold Mining
23:36 Hand Cart
28:03 Imperial Age
25:59 Bow Saw
25:50 Heavy Plow
27:15 Gold Shaft Mining
27:22 Bloodlines
27:20 Scale Barding Armor
27:26 Forging
27:16 Stone Mining
27:57 Husbandry
28:57 Chain Barding Armor
29:05 Elite Battle Elephant
33:24 Tusk Swords
34:16 Plate Barding Armor
34:17 Iron Casting
Connection lost

Rejoining the realm…

Still unreachable

The connection could not be restored.

Session expired

The server has moved on; the page needs a fresh start.